General information
- name: BNet
- type: Ladder team game (AT/RT)
- host: Battle.net
- saver: noooooobs
map: PhantomGrove
- players: 4
- length: 19:20
- speed: Fast
- version: 1.24 W3XP
- replay type: Public
» download(123 KB)
Players
team 1 (loser)
ComeOnTryIt (
teal | 124 APM | 2398 actions | 19:16)
4 Blademaster
2 Wind Walk
2 Critical Strike
2 Shadow Hunter
1 Hex
1 Healing Wave
» actions
| Assign group hotkey | 41 | |
| Basic commands | 74 | |
| Build / train | 66 | |
| ESC pressed | 6 | |
| Enter build submenu | 25 | |
| Enter hero's abilities submenu | 6 | |
| Give item / drop item | 1 | |
| Right click | 885 | |
| Select / deselect | 584 | |
| Select group hotkey | 510 | |
| Use ability | 200 | |
2398 total
» units
» upgrades
| Ensnare | 1 | |
| Pillage | 1 | |
| Melee Weapons | 1 | |
| Armor | 1 | |
4 total
» buildings
| Altar of Storms | 1 | |
| Orc Burrow | 11 | |
| Voodoo Lounge | 3 | |
| Stronghold | 3 | |
| Beastiary | 2 | |
| War Mill | 1 | |
| Great Hall | 1 | |
| Watch Tower | 2 | |
24 total
» build order
00:06 Altar of Storms
00:20 Orc Burrow
01:15 Voodoo Lounge
02:06 Stronghold
02:06 Stronghold
02:31 Orc Burrow
02:55 Orc Burrow
03:04 Orc Burrow
03:24 Orc Burrow
03:30 Orc Burrow
04:47 Beastiary
04:50 Beastiary
06:17 Orc Burrow
06:20 Voodoo Lounge
07:13 Orc Burrow
11:08 War Mill
13:07 Orc Burrow
13:08 Orc Burrow
13:09 Orc Burrow
14:28 Voodoo Lounge
15:03 Great Hall
15:53 Watch Tower
16:25 Watch Tower
» items
| Scroll of Speed | 4 | |
| Healing Salve | 6 | |
| Circlet of Nobility | 1 | |
| Boots of Speed | 2 | |
| Dust of Appearance | 1 | |
| Potion of Healing | 1 | |
| Scroll of Town Portal | 5 | |
| Scroll of Healing | 2 | |
| Potion of Lesser Invulnerability | 1 | |
| Lesser Clarity Potion | 1 | |
24 total
pro.TeRRor2010 (
green | 81 APM | 1570 actions | 19:19)
3 Blademaster
2 Wind Walk
1 Critical Strike
» actions
| Assign group hotkey | 21 | |
| Build / train | 42 | |
| Enter build submenu | 10 | |
| Enter hero's abilities submenu | 3 | |
| Right click | 958 | |
| Select / deselect | 196 | |
| Select group hotkey | 275 | |
| Use ability | 65 | |
1570 total
» units
» buildings
| Altar of Storms | 1 | |
| Orc Burrow | 3 | |
| Barracks | 1 | |
| Voodoo Lounge | 3 | |
| Great Hall | 1 | |
| Stronghold | 1 | |
| War Mill | 1 | |
11 total
» build order
00:06 Altar of Storms
00:25 Orc Burrow
00:40 Barracks
01:41 Voodoo Lounge
02:14 Orc Burrow
03:13 Great Hall
05:42 Stronghold
07:08 Voodoo Lounge
07:17 War Mill
08:55 Voodoo Lounge
11:34 Orc Burrow
» items
| Healing Salve | 3 | |
| Lesser Clarity Potion | 5 | |
| Scroll of Speed | 3 | |
| Potion of Healing | 3 | |
| Potion of Mana | 1 | |
| Boots of Speed | 1 | |
16 total
team 2 (winner)
Elendiar (
purple | 137 APM | 2641 actions | 19:20)
3 Blademaster
2 Wind Walk
1 Critical Strike
3 Naga Sea Witch
1 Frost Arrows
2 Forked Lightning
» actions
| Assign group hotkey | 100 | |
| Basic commands | 15 | |
| Build / train | 51 | |
| ESC pressed | 1 | |
| Enter build submenu | 18 | |
| Enter hero's abilities submenu | 6 | |
| Right click | 1444 | |
| Select / deselect | 268 | |
| Select group hotkey | 653 | |
| Use ability | 85 | |
2641 total
» units
» upgrades
| Ensnare | 1 | |
| Berserker Strength | 1 | |
| Pillage | 1 | |
| Melee Weapons | 1 | |
| Spiked Barricades | 1 | |
5 total
» buildings
| Altar of Storms | 1 | |
| Orc Burrow | 4 | |
| Voodoo Lounge | 1 | |
| Barracks | 1 | |
| Stronghold | 1 | |
| Beastiary | 2 | |
| War Mill | 1 | |
| Great Hall | 2 | |
| Watch Tower | 5 | |
18 total
» build order
00:07 Altar of Storms
00:20 Orc Burrow
00:38 Voodoo Lounge
01:36 Barracks
01:53 Orc Burrow
03:13 Stronghold
04:32 Orc Burrow
04:39 Orc Burrow
05:35 Beastiary
06:11 Beastiary
07:01 War Mill
11:58 Great Hall
11:59 Watch Tower
12:02 Watch Tower
12:03 Watch Tower
12:05 Watch Tower
12:08 Watch Tower
16:07 Great Hall
» items
| Healing Salve | 3 | |
| Lesser Clarity Potion | 3 | |
| Scroll of Speed | 1 | |
7 total

»
noooooobs (
pink | 108 APM | 2090 actions | 19:20)
4 Demon Hunter
2 Mana Burn
2 Evasion
2 Naga Sea Witch
1 Frost Arrows
1 Forked Lightning
» actions
| Assign group hotkey | 78 | |
| Basic commands | 15 | |
| Build / train | 53 | |
| ESC pressed | 3 | |
| Enter build submenu | 19 | |
| Enter hero's abilities submenu | 6 | |
| Right click | 710 | |
| Select / deselect | 689 | |
| Select group hotkey | 411 | |
| Use ability | 106 | |
2090 total
» units
| Wisp | 18 | |
| Huntress | 4 | |
| Dryad | 6 | |
| Druid of the Claw | 5 | |
33 total
» upgrades
| Strength of the Wild | 1 | |
| Abolish Magic | 1 | |
| Druid of the Claw Training | 2 | |
4 total
» buildings
| Altar of Elders | 1 | |
| Moon Well | 9 | |
| Ancient of War | 1 | |
| Hunter's Hall | 1 | |
| Tree of Ages | 2 | |
| Ancient Protector | 2 | |
| Ancient of Lore | 4 | |
| Tree of Eternity | 2 | |
| Tree of Life | 1 | |
23 total
» build order
00:05 Altar of Elders
00:18 Moon Well
01:50 Ancient of War
01:53 Hunter's Hall
02:05 Moon Well
03:10 Tree of Ages
03:54 Ancient Protector
04:51 Moon Well
04:53 Moon Well
05:43 Ancient of Lore
06:40 Ancient of Lore
09:53 Tree of Eternity
09:54 Tree of Eternity
10:14 Ancient Protector
11:26 Moon Well
14:15 Moon Well
17:57 Moon Well
18:01 Tree of Life
18:25 Moon Well
18:25 Moon Well
18:28 Ancient of Lore
18:29 Ancient of Lore
» items
| Boots of Speed | 1 | |
| Scroll of Healing | 1 | |
| Potion of Lesser Invulnerability | 1 | |
3 total
Chat log
(00:12 / Allies) noooooobs: hey
(00:30 / Allies) Elendiar: i dont play wc3 now :)
(00:36 / Allies) Elendiar: sorry for laming
(00:41 / Allies) noooooobs: hm
(00:44 / Allies) noooooobs: what u playing then?
(00:49 / Allies) Elendiar: just ql and sc2 :D
(00:52 / Allies) noooooobs: ah
(00:59 / Allies) noooooobs: whats ql?
(01:05 / Allies) Elendiar: Quake Live
(01:07 / Allies) noooooobs: ok
(01:12 / Allies) Elendiar: play it?
(01:13 / Allies) noooooobs: i play once a week
(01:13 / Allies) noooooobs: no
(01:17 / Allies) Elendiar: why?
(01:19 / Allies) noooooobs: wc3 sometimes cs 1.6
(01:22 / Allies) Elendiar: heh
(01:34 / Allies) noooooobs: i only play when im at my parents
(01:36 / Allies) noooooobs: in weekend
(01:47 / Allies) Elendiar: stydu?
(02:00 / Allies) Elendiar: study? :)
(02:02 / Allies) noooooobs: y
(02:13 / Allies) Elendiar: me finished in 2007
(02:16 / Allies) noooooobs: which
(02:33 / Allies) Elendiar: public administration academy
(02:43 / Allies) noooooobs: me technical engineering
(02:52 / Allies) noooooobs: at technical university
(02:53 / Allies) Elendiar: techer
(06:42 / Allies) noooooobs: wood pls
(07:48 / Allies) noooooobs: he t1
(07:49 / Allies) noooooobs: nice
(07:51 / Allies) Elendiar: shop and be
(12:27 / Allies) noooooobs: shit
(12:39 / Allies) noooooobs: wood pls
(13:02 / Allies) noooooobs: get tp with naga
(13:07 / Allies) noooooobs: hell come with bm
(13:19 / Allies) noooooobs: mass bear is win
(13:50 / Allies) noooooobs: wood?
(15:03 / Allies) Elendiar: wood
(15:58 / Allies) Elendiar: 200
(16:01 / Allies) Elendiar: gold
(16:08 / Allies) Elendiar: tnx
(16:36 / Allies) Elendiar: use rawr
(17:11 / Allies) noooooobs: both tp?
(17:19 / Allies) Elendiar: have no
(17:22 / Allies) Elendiar: u tp
(17:50 / Allies) Elendiar: save dh
(19:13 / Allies) Elendiar: teal has an exp
(19:13 / All) ComeOnTryIt: well
(19:15 / Allies) Elendiar: sh tped
(19:18 / All) noooooobs: gg